 Dungeon Crawl Stone Soup version 0.24-a0-459-g225fefd530 (webtiles) character file.

Game seed: 10292065974605891573

4751 Azzok the Cleaver (level 10, -6/88 HPs)
             Began as a Deep Dwarf Fighter on June 29, 2019.
             Was a Priest of Makhleb.
             Splashed by an acid dragon's acid (14 damage)
             ... on level 9 of the Dungeon.
             The game lasted 00:13:01 (5804 turns).

Azzok the Cleaver (Deep Dwarf Fighter)              Turns: 5804, Time: 00:13:02

Health: -6/88      AC:  5    Str: 22    XL:     10   Next: 23%
Magic:  8/8        EV:  6    Int: 10    God:    Makhleb [***...]
Gold:   476        SH:  9    Dex: 12    Spells: 9/9 levels left

rFire    . . .     SeeInvis .   a - +1 war axe
rCold    . . .     Gourm    .   l - +0 buckler
rNeg     . . .     Faith    .   e - +1 plate armour
rPois    .         Spirit   .   (no helmet)
rElec    .         Reflect  +   q - +0 cloak
rCorr    .         Harm     .   r - +0 pair of gloves
MR       +....                  (no boots)
Stlth    ..........             p - +4 amulet of reflection
HPRegen  0.00/turn              (no ring)
MPRegen  0.11/turn              j - ring of stealth

@: corroded, non-regenerating
A: damage resistance, heal wounds, sense surroundings 2, no regeneration
a: Heal Wounds, Minor Destruction, Lesser Servant of Makhleb, Renounce Religion


You were on level 9 of the Dungeon.
You worshipped Makhleb.
Makhleb was most pleased with you.
You were not hungry.

You visited 1 branch of the dungeon, and saw 9 of its levels.

You collected 476 gold pieces.

Inventory:

Hand Weapons
 a - a +1 war axe (weapon)
Missiles
 u - 3 throwing nets (quivered)
Armour
 c - a +0 shield
 e - a +1 plate armour (worn)
 l - a +0 buckler (worn)
 q - a +0 cloak (worn)
 r - a +0 pair of gloves (worn)
Jewellery
 i - an uncursed ring of fire
 j - a ring of stealth (right hand)
 p - a +4 amulet of reflection (around neck)
Wands
 h - a wand of flame (16)
Scrolls
 d - a scroll of enchant weapon
 k - 4 scrolls of teleportation {unknown}
 m - a scroll of random uselessness {unknown}
 t - a scroll of blinking {unknown}
 y - a scroll of immolation {unknown}
Potions
 b - 2 potions of ambrosia
 g - a potion of cancellation {unknown}
 n - a potion of flight {unknown}
 o - a potion of degeneration {unknown}
 s - a potion of haste
 v - 2 potions of mutation {unknown}
 w - 2 potions of brilliance
 z - a potion of might
Comestibles
 f - 17 rations
 x - 2 chunks of flesh


   Skills:
 - Level 5.0 Fighting
 * Level 12.6 Axes
 - Level 8.0 Armour
 - Level 4.0 Shields
 - Level 1.4 Invocations
 + Level 5.1 Evocations


You had 9 spell levels left.
You didn't know any spells.
Your spell library was empty.

Dungeon Overview and Level Annotations

Branches:
Dungeon (9/15)             Temple (0/1) D:6
   Lair: D:8-11         Orc: D:9-12

Altars:
Cheibriados
Elyvilon
Hepliaklqana
Makhleb
Nemelex Xobeh
Uskayaw
Xom
The Shining One

Annotations:
D:4 2 transporters, vurker's ghost, novice DsGl


Innate Abilities, Weirdness & Mutations

You are resistant to damage.
You can heal yourself by infusing magical energy.
You passively map the area around you.
You do not regenerate.


Message History

The acid dragon bites you!
* * * LOW HITPOINT WARNING * * *
The acid dragon barely misses you.
You feel much better.
An orc comes into view.
The acid dragon bites you!
* * * LOW HITPOINT WARNING * * *
The acid dragon claws you but does no damage.
You closely miss the acid dragon.
The acid dragon is almost dead.
You hit the acid dragon.
The acid dragon is almost dead.
The acid dragon bites you. You block the acid dragon's attack.
Your plate armour prevents you from hitting the acid dragon.
The acid dragon is almost dead.
The acid dragon spits acid at you. The splash of acid hits you!
* * * LOW HITPOINT WARNING * * *
The acid corrodes you!
You are splashed with acid!
You die...

░ ◦ ◦ ◦ ░░ ░ ◦ ◦ ◦ ◦
◦◦ ░◦ ◦◦ ◦◦ ◦◦ ◦ ╬ ◦
◦░ ◦ ◦ ░ ◦ ◦◦ ◦ ◦░◦
░ ◦ ▒ ◦ ◦ ░ ▒·▒ ╬ ░
░ ▒▒▒▒▒▒ ◦ ···▒
◦▒····▒▒▒▒▒▒o···▒ ◦
◦ ◦ ▒········@Do···▒
◦ ▒╬▒▒▒▒▒'▒···▒·▒··▒
◦ ◦ ▒·······▒···▒ ▒
◦ ◦ ◦▒·▒▒▒···▒···▒ ░
◦ ▒·▒▒▒···▒···▒ ░ ░
▒▒▒▒▒▒·······▒▒▒▒▒◦
·················◦ ░
··················◦◦
░
······▒···········◦


You could see an acid dragon and 2 orcs.

Vanquished Creatures
  Sigmund (D:4)
  Eustachio (D:6)
  A hungry ghost (D:8)
  A vampire (D:9)
  Edmund (D:5)
  Menkaure (D:7)
  A water moccasin (D:7)
  2 porcupines (D:9)
  Duvessa (D:5)
  2 ice beasts (D:8)
  3 orc warriors
  A centaur (D:9)
  6 ogres
  2 black bears
  3 big kobolds
  3 bullfrogs
  Dowan (D:5)
  5 scorpions
  3 killer bees (D:7)
  8 wights
  3 centaur zombies (D:5)
  2 crimson imps (D:9)
  3 hounds
  6 orc priests
  7 orc wizards
  A centaur skeleton (D:4)
  Terence (D:2)
  An iguana (D:7)
  5 worker ants
  A hound skeleton (D:3)
  A worker ant zombie (D:7)
  16 adders
  3 oozes
  An adder zombie (D:5)
  An adder skeleton (D:6)
  2 worms
  2 dart slugs
  5 leopard geckos
  32 orcs
  7 giant cockroaches
  8 hobgoblins
  13 jackals
  4 quokkas
  4 ball pythons
  6 bats
  7 frilled lizards
  15 goblins
  A jackal skeleton (D:8)
  29 kobolds
  2 leopard gecko skeletons
  A leopard gecko zombie (D:7)
  3 rats
240 creatures vanquished.

Notes
Turn   | Place    | Note
-------+----------+-------------------------------------------
     0 | D:1      | Azzok the Deep Dwarf Fighter began the quest for the Orb.
     0 | D:1      | Reached XP level 1. HP: 20/20 MP: 1/1
   214 | D:1      | Reached XP level 2. HP: 20/27 MP: 2/2
   631 | D:1      | Reached skill level 3 in Axes
   672 | D:2      | Reached XP level 3. HP: 22/33 MP: 3/3
   741 | D:2      | Noticed Terence
   773 | D:2      | Killed Terence
   773 | D:2      | Reached XP level 4. HP: 25/42 MP: 4/4
  1028 | D:2      | Found a white marble altar of Elyvilon.
  1305 | D:3      | Reached skill level 4 in Axes
  1305 | D:3      | Reached XP level 5. HP: 20/49 MP: 5/5
  1472 | D:3      | Found a glowing golden altar of the Shining One.
  1570 | D:4      | Noticed an ogre
  1571 | D:4      | Noticed vurker's ghost (novice DsGl)
  1573 | D:4      | Found a transporter.
  1591 | D:4      | Found a transporter.
  1695 | D:4      | Noticed Sigmund
  1724 | D:4      | Killed Sigmund
  1724 | D:4      | Reached skill level 5 in Axes
  1724 | D:4      | Reached XP level 6. HP: 41/57 MP: 6/6
  1809 | D:4      | Reached skill level 5 in Armour
  1858 | D:4      | Reached XP level 7. HP: 34/64 MP: 7/7
  1944 | D:4      | Reached skill level 6 in Axes
  2041 | D:4      | Found a hide-covered altar of Uskayaw.
  2041 | D:4      | Found a snail-covered altar of Cheibriados.
  2041 | D:4      | Found a hazy altar of Hepliaklqana.
  2041 | D:4      | Found a sparkling altar of Nemelex Xobeh.
  2169 | D:4      | Found a burning altar of Makhleb.
  2271 | D:4      | Became a worshipper of Makhleb the Destroyer
  2461 | D:5      | Entered Level 5 of the Dungeon
  2503 | D:5      | Noticed Duvessa
  2503 | D:5      | Noticed Dowan
  2653 | D:5      | Killed Duvessa
  2653 | D:5      | Reached skill level 7 in Axes
  2717 | D:5      | Killed Dowan
  2718 | D:5      | Noticed Edmund
  2742 | D:5      | Killed Edmund
  2742 | D:5      | Reached skill level 5 in Fighting
  2742 | D:5      | Reached XP level 8. HP: 33/74 MP: 6/6
  2856 | D:5      | Reached * piety under Makhleb
  3068 | D:5      | Reached skill level 8 in Axes
  3199 | D:6      | Noticed Eustachio
  3257 | D:6      | Killed Eustachio
  3417 | D:6      | Found a staircase to the Ecumenical Temple.
  3515 | D:6      | Reached skill level 9 in Axes
  3796 | D:6      | Gained mutation: You passively map the area around you.
                  | [Deep Dwarf growth]
  3796 | D:6      | Reached XP level 9. HP: 42/81 MP: 6/6
  4059 | D:7      | Noticed Menkaure
  4075 | D:7      | Killed Menkaure
  4075 | D:7      | Reached skill level 10 in Axes
  4147 | D:7      | Reached ** piety under Makhleb
  4637 | D:7      | Reached skill level 11 in Axes
  4731 | D:8      | Reached skill level 1 in Invocations
  4731 | D:8      | Reached skill level 1 in Evocations
  4794 | D:8      | Reached *** piety under Makhleb
  4850 | D:8      | Paralysed by fainting for 10 turns
  4956 | D:8      | Reached skill level 12 in Axes
  5376 | D:9      | Reached XP level 10. HP: 72/88 MP: 7/7
  5512 | D:9      | Found a white marble altar of Elyvilon.
  5513 | D:9      | Found a shimmering altar of Xom.
  5730 | D:9      | Reached skill level 5 in Evocations
  5804 | D:9      | Splashed by an acid dragon's acid

Levels and vault maps discovered:
D:1:      psy_arrival_terrarium, layout_rooms
D:2:      layout_basic, elyvilon_altar_4, uniq_terence
D:3:      layout_basic, marbit_many_paths, first_ration
D:4:      layout_loops_ring, makhleb_heckhound_becter,
          chequers_temple_overflow_statue_of_worship, gammafunk_ghost_arena,
          uniq_sigmund
D:5:      layout_rooms, roderic_lattice_a, uniq_duvessa, uniq_edmund
D:6:      layout_rooms, minmay_temple_entry_ruins,
          minmay_misc_feat_four_crosses, uniq_eustachio
D:7:      layout_basic, uniq_menkaure
D:8:      layout_gridville
D:9:      layout_stronghold, gammafunk_temple_overflow_pools,
          grunt_lair_entry_orc_guard_hut, blue_anna_alchemist
          [blue_anna_fruit_fields, blue_anna_fruit_fields], due_unseen_surprise

Skill      XL: |  1  2  3  4  5  6  7  8  9 10 |
---------------+-------------------------------+-----
Axes           | 3 4 5 7 9 12 | 12.6
Fighting       | 3 4 5 |  5.0
Armour         | 4 5 6 7 8 |  8.0
Shields        | 4 |  4.0
Invocations    | 1 |  1.4
Evocations     | 3 5 |  5.1

Action                   |  1- 3 |  4- 6 |  7- 9 | 10-12 || total
-------------------------+-------+-------+-------+-------++-------
Melee: War axe           |   111 |   166 |   548 |    86 ||   911
 Abil: Heal Wounds       |       |     1 |    13 |     2 ||    16
  Use: Scroll            |       |     3 |     5 |     2 ||    10
       Potion            |       |       |     1 |       ||     1
  Eat: Chunk             |       |     4 |    19 |     1 ||    24
Armor: Plate armour      |    98 |   109 |   358 |    54 ||   619
Dodge: Dodged            |    24 |    29 |   143 |    13 ||   209
Block: Shield            |    40 |    45 |       |       ||    85
       Buckler           |       |    17 |   219 |    35 ||   271
       Reflection        |       |       |     4 |     2 ||     6

Table legend:
 A = Non-vault XP
 B = Vault XP
 C = Vault XP percentage of total XP
 D = Non-vault monster count
 E = Vault monster count
 F = Vault count percentage of total count
                 A         B        C        D         E       F
            +---------+---------+-------+---------+---------+-------
      Total |    5369 |    1419 |  20.9 |     228 |      12 |   5.0
            +---------+---------+-------+---------+---------+-------
        D:1 |      40 |       0 |   0.0 |      21 |       0 |   0.0
        D:2 |      58 |      36 |  38.3 |      24 |       1 |   4.0
        D:3 |     115 |       2 |   1.7 |      28 |       1 |   3.4
        D:4 |     509 |     273 |  34.9 |      29 |       2 |   6.5
        D:5 |     472 |     395 |  45.6 |      27 |       3 |  10.0
        D:6 |     905 |     202 |  18.2 |      17 |       1 |   5.6
        D:7 |    1054 |     165 |  13.5 |      37 |       1 |   2.6
        D:8 |     927 |       0 |   0.0 |      22 |       0 |   0.0
        D:9 |    1289 |     346 |  21.2 |      23 |       3 |  11.5
            +---------+---------+-------+---------+---------+-------
